 Dungeon Crawl Stone Soup version 0.28.0-53-g5a82cb258f (webtiles) character file.

Game seed: 288356289473842264

43845 acdeimund the Spry (level 14, -8/125 HPs)
             Began as a Merfolk Gladiator on July 14, 2022.
             Was a High Priest of Ashenzari.
             Mangled by a chaos spawn (14 damage)
             ... summoned by an orc sorcerer
             ... led by an orc high priest
             ... while paralysed by an orc sorcerer
             ... on level 1 of the Orcish Mines on July 27, 2022.
             The game lasted 01:41:27 (24368 turns).

acdeimund the Spry (Merfolk Gladiator)             Turns: 24368, Time: 01:41:29

Health: -8/125     AC: 15    Str: 15    XL:     14   Next: 26%
Magic:  14/14      EV:  2    Int:  8    God:    Ashenzari [*****.]
Gold:   1750       SH:  0    Dex: 19    Spells: 13/13 levels left

rFire   . . .      SeeInvis +   h - +2 trident of the Gnostic Ordeal {venom, Melee, Alch} (curse)
rCold   + . .      Faith    .   V - orb of Apeoromancy {mayhem, Fort, Melee} (curse)
rNeg    + . .      Spirit   .   D - +1 ring mail "Cursed the Ego" {rC+, Self, Fort} (curse)
rPois   +          Reflect  .   c - +0 helmet "Ensconced With Me" {Range, Evo} (curse)
rElec   .          Harm     .   p - +2 cloak of Toth-Mos's Legacy {Cun, Melee} (curse)
rCorr   .          Rampage  .   (no gloves)
Will    +....      Clarity  +   i - +0 pair of boots of Supernal Knowledge {Cun, Fort} (curse)
Stlth   ++++++....              U - amulet of Ashenzari's Submission {Acrobat, Range, Cun} (curse)
HPRegen 0.30/turn               Q - ring "Restrained Together" {rN+, Cun, Fort} (curse)
MPRegen 0.14/turn               K - ring of Ashenzari's Elitism {rPois, Melee, Self} (curse)

@: paralysed, spiked
A: (nimble swimmer 2), mertail
a: Renounce Religion, Curse Item, Shatter the Chains


You were on level 1 of the Orcish Mines.
You worshipped Ashenzari.
Ashenzari was extremely pleased with you.
You visited 4 branches of the dungeon, and saw 17 of its levels.
You also visited: Ossuary and Bailey.

You collected 1750 gold pieces.

Inventory:

Hand Weapons
 h - the cursed +2 trident of the Gnostic Ordeal (weapon) {venom, Melee, Alch}
   (You took it off Terence on level 3 of the Dungeon)

   It poisons the flesh of those it strikes.
   It has a curse which improves the following skills: Melee Combat: Short
   Blades, Long Blades, Axes, Maces & Flails, Polearms, Staves and Unarmed
   Combat.
   Alchemy:   Poison Magic and Transmutations.
Missiles
 d - 11 throwing nets
 m - 10 javelins
 W - 19 poisoned darts
 X - 15 boomerangs (quivered)
Armour
 c - the cursed +0 helmet "Ensconced With Me" (worn) {Range, Evo}

   It has a curse which improves the following skills: Ranged Combat: Slings,
   Bows, Crossbows and Throwing.
   Evocations: Evocations.
 i - the cursed +0 pair of boots of Supernal Knowledge (worn) {Cun, Fort}
   (You found it on level 1 of the Dungeon)

   It has a curse which improves the following skills: Cunning: Dodging and
   Stealth.
   Fortitude: Armour and Shields.
 p - the cursed +2 cloak of Toth-Mos's Legacy (worn) {Cun, Melee}
   (You took it off Crazy Yiuf on level 3 of the Dungeon)

   It has a curse which improves the following skills: Cunning: Dodging and
   Stealth.
   Melee Combat: Short Blades, Long Blades, Axes, Maces & Flails, Polearms,
   Staves and Unarmed Combat.
 D - the cursed +1 ring mail "Cursed the Ego" (worn) {rC+, Self, Fort}
   (You found it on level 7 of the Dungeon)

   It has a curse which improves the following skills: Introspection: Fighting
   and Spellcasting.
   Fortitude: Armour and Shields.
 V - the cursed orb of Apeoromancy (worn) {mayhem, Fort, Melee}
   (You found it on level 10 of the Dungeon)

   It has a curse which improves the following skills: Fortitude: Armour and
   Shields.
   Melee Combat: Short Blades, Long Blades, Axes, Maces & Flails, Polearms,
   Staves and Unarmed Combat.
Jewellery
 l - a +6 ring of intelligence
 z - a ring of resist corrosion
 K - the cursed ring of Ashenzari's Elitism (right hand) {rPois, Melee, Self}
   (You found it on level 9 of the Dungeon)

   [ring of poison resistance]

   rPois:     It protects you from poison.
   It has a curse which improves the following skills: Melee Combat: Short
   Blades, Long Blades, Axes, Maces & Flails, Polearms, Staves and Unarmed
   Combat.
   Introspection: Fighting and Spellcasting.
 Q - the cursed ring "Restrained Together" (left hand) {rN+, Cun, Fort}
   (You found it on level 9 of the Dungeon)

   [ring of positive energy]

   rN:        It protects you from negative energy.
   It has a curse which improves the following skills: Cunning: Dodging and
   Stealth.
   Fortitude: Armour and Shields.
 U - the cursed amulet of Ashenzari's Submission (around neck) {Acrobat, Range, Cun}
   (You found it on level 10 of the Dungeon)

   [amulet of the acrobat]

   It increases your evasion while moving and waiting.
   It has a curse which improves the following skills: Ranged Combat: Slings,
   Bows, Crossbows and Throwing.
   Cunning:   Dodging and Stealth.
Wands
 y - a wand of iceblast (14)
 B - a wand of digging (5)
 C - a wand of acid (9)
 T - a wand of flame (29)
Scrolls
 g - 3 scrolls of enchant armour
 j - 10 scrolls of teleportation
 k - a scroll of blinking
 n - 4 scrolls of fog
 o - 2 scrolls of brand weapon
 r - a scroll of magic mapping
 t - a scroll of summoning
 u - 3 scrolls of amnesia
 v - a scroll of holy word
 H - a scroll of silence
 O - a scroll of fear
Potions
 a - 2 potions of resistance
 b - 2 potions of brilliance
 e - 3 potions of haste
 f - a potion of flight
 q - a potion of cancellation
 w - 7 potions of curing
 x - a potion of mutation
 A - a potion of lignification
 I - a potion of ambrosia
 R - a potion of might
 S - a potion of magic


   Skills:
 + Level 12.8(16.2) Fighting
 - Level 12.7(18.2) Polearms
 + Level 8.3(11.8) Throwing
 + Level 7.3(12.7) Armour
 + Level 15.4(20.8) Dodging
 + Level 12.8(18.2) Stealth


You had 13 spell levels left.
You didn't know any spells.
Your spell library contained the following spells:

 Spells                   Type           Power      Damage    Failure   Level
 Animate Skeleton         Necr           0%         N/A       56%         1
 Slow                     Hex            0%         N/A       56%         1
 Corpse Rot               Necr/Air       0%         N/A       71%         2
 Confusing Touch          Hex            0%         N/A       90%         3
 Vampiric Draining        Necr           0%         2d6       90%         3
 Petrify                  Tmut/Erth      0%         N/A       99%         4
 Dispel Undead            Necr           0%         3d6       100%        4
 Flame Wave               Conj/Fire      0%         2d4       100%        4
 Metabolic Englaciation   Hex/Ice        0%         N/A       100%        5
 Death Channel            Necr           0%         N/A       100%        6
 Statue Form              Tmut/Erth      0%         N/A       100%        6
 Haunt                    Necr/Summ      0%         N/A       100%        7
 Infestation              Necr           0%         N/A       100%        8


Dungeon Overview and Level Annotations

Branches:
Dungeon (10/15)            Temple (1/1) D:6            Lair (5/6) D:9
 Shoals (0/4) Lair:2       Spider (0/4) Lair:4          Orc (1/2) D:10
Ossuary (visited)          Bailey (visited)
  Slime: Lair:5-6

Altars:
Ashenzari
Cheibriados
Dithmenos
Elyvilon
Fedhas
Gozag
Hepliaklqana
Kikubaaqudgha
Makhleb
Nemelex Xobeh
Okawaru
Qazlal
Ru
Sif Muna
Trog
Uskayaw
Vehumet
Wu Jian
Xom
Yredelemnul
Zin
The Shining One

Annotations:
D:8 5 runed translucent doors
D:9 exclusion: obsidian statue
Lair:2 3 runed translucent doors, 0gre's ghost, journeyman GnIE; Qoesoec's ghost, journeyman GrFi


Innate Abilities, Weirdness & Mutations

((You are very nimble when in or above water. (Stealth+, EV+, Speed+++)))
Your lower body shifts to a powerful aquatic tail in water.


Message History

The orc high priest hits you but does no damage.
The troll bites you but does no damage. The troll claws you! x2
The orc high priest utters an invocation to Beogh.
The troll bites you but does no damage. The troll claws you but does no damage.
The troll claws you. The chaos spawn barely misses you.
The orc high priest hits you with a +0 mace.
The red devil hits you from afar with a +0 trident!
Barbed spikes become lodged in your body.
The troll bites you but does no damage. The troll claws you!
The troll claws you. The chaos spawn gores you. The chaos spawn freezes you!
You resist.
The red devil hits you from afar with a +0 trident.
Barbed spikes become lodged in your body.
The orc high priest calls down the wrath of Beogh upon you.
You resist with significant effort. The troll bites you. The troll claws you!
The troll claws you but does no damage. The chaos spawn completely misses you.
The red devil hits you from afar with a +0 trident!
* * * LOW HITPOINT WARNING * * *
Barbed spikes become lodged in your body.
The orc high priest hits you but does no damage.
The orc sorcerer hits you but does no damage.
The troll bites you but does no damage. The troll claws you but does no damage.
The troll claws you.
* * * LOW HITPOINT WARNING * * *
The chaos spawn gibbers incoherently in a cacophony of voices.
The chaos spawn gores you but does no damage.
The red devil hits you from afar with a +0 trident.
* * * LOW HITPOINT WARNING * * *
Barbed spikes become lodged in your body.
The orc high priest hits you with a +0 mace.
* * * LOW HITPOINT WARNING * * *
The orc sorcerer hits you with a +0 dagger.
* * * LOW HITPOINT WARNING * * *
The troll bites you!
* * * LOW HITPOINT WARNING * * *
The troll claws you but does no damage. The troll claws you.
* * * LOW HITPOINT WARNING * * *
The chaos spawn hits you!
You die...

######.........>.#......,
#####.................. ,
#####..............#..,,
####.............#... *
####.#............#... *
###...#...........#...###
#####.##....)...........#.
####.....To...............
##.##.....@o.......#.......
#..........4.#...........#.
##.#......4##.#...........#
###........#.........#.....
##.##....#..##.....#.#).....
###...#........#..#.....).....
##................#)..))).....
#..................#.###......
##..#........#..))..###..##...


You could see an orc high priest (very poisoned), a troll (very poisoned), a
chaos spawn (summoned), an orc sorcerer and a red devil (summoned).

Vanquished Creatures
  2 boulder beetles (Lair:5)
  6 hydras
  A two-headed ogre (Orc:1)
  6 death yaks (Lair:4)
  Urug (D:10)
  Pikel (D:7)
  5 slime creatures
  2 orc sorcerers (Orc:1)
  A manticore (Lair:2)
  4 elephants
  2 black mambas
  18 cane toads
  A gargoyle (D:10)
  5 rime drakes
  7 komodo dragons
  A wind drake (Lair:2)
  A polar bear (Lair:2)
  2 meliai (Lair:2)
  A hornet (D:8)
  A queen bee (Lair:2)
  24 blink frogs
  Sigmund (D:3)
  A shadow (D:6)
  A culicivora (Lair:4)
  5 wyverns
  Eustachio (D:5)
  26 yaks
  A vampire (D:10)
  2 redbacks (Lair:4)
  2 basilisks (Lair:2)
  Grum (Bailey)
  Edmund (D:5)
  Menkaure (D:5)
  A warg (Orc:1)
  12 water moccasins
  3 acid dragons
  An ice beast (D:6)
  7 orc warriors
  A sky beast (D:7)
  A black bear (D:5)
  A necrophage (D:4)
  3 ogres (Orc:1)
  4 centaurs
  A phantom (D:5)
  6 wolves
  8 bullfrogs
  2 kobold brigands
  An elf zombie (Ossuary)
  7 gnoll sergeants (Bailey)
  A wyvern zombie (D:9)
  4 scorpions
  39 killer bees
  7 wights
  4 electric eels (Lair:2)
  2 howler monkeys (D:7)
  5 centaur zombies
  3 hounds
  4 gnoll shamans (Bailey)
  2 human zombies (Ossuary)
  Crazy Yiuf (D:3)
  A bullfrog skeleton (D:6)
  8 orc priests
  Terence (D:3)
  3 iguanas
  14 orc wizards
  11 hell rats
  2 hound zombies (Ossuary)
  3 mummies (Ossuary)
  A howler monkey zombie (D:6)
  19 gnolls
  A howler monkey skeleton (D:7)
  5 adders
  13 river rats (Lair:1)
  2 shadow imps
  2 ufetubi
  4 adder zombies (Ossuary)
  A worm (D:3)
  A dart slug (D:5)
  41 orcs
  8 bats
  10 endoplasms
  2 giant cockroaches
  2 hobgoblins
  7 jackals
  11 quokkas
  6 ball pythons
  2 frilled lizards
  A gnoll zombie (Ossuary)
  13 goblins
  3 goblin zombies (Ossuary)
  3 hobgoblin zombies (Ossuary)
  4 jackal zombies (Ossuary)
  13 kobolds
  5 kobold zombies (Ossuary)
  4 orc zombies (Ossuary)
  20 rats
  4 rat zombies
517 creatures vanquished.

Vanquished Creatures (collateral kills)
  4 orcs (Orc:1)
4 creatures vanquished.

Vanquished Creatures (others)
  2 orcs (Orc:1)
  14 fungi
  14 plants
30 creatures vanquished.

Grand Total: 551 creatures vanquished

Notes
Turn   | Place    | Note
-------+----------+-------------------------------------------
     0 | D:1      | acdeimund the Merfolk Gladiator began the quest for the
                  | Orb.
     0 | D:1      | Reached XP level 1. HP: 16/16 MP: 1/1
   137 | D:1      | Reached XP level 2. HP: 23/23 MP: 2/2
   180 | D:1      | Found a faded altar of an unknown god.
   189 | D:1      | Prayed at the altar of an unknown god.
   189 | D:1      | Became a worshipper of Ashenzari the Shackled
   651 | D:1      | Reached XP level 3. HP: 23/28 MP: 3/3
   659 | D:1      | Reached skill level 5 in Polearms
  1081 | D:2      | Reached * piety under Ashenzari
  1747 | D:3      | Found a runed translucent door.
  1748 | D:3      | Noticed Crazy Yiuf
  1818 | D:3      | Noticed Sigmund
  1835 | D:3      | Killed Sigmund
  1836 | D:3      | Reached skill level 5 in Dodging
  1836 | D:3      | Reached XP level 4. HP: 37/37 MP: 4/4
  1836 | D:3      | Reached XP level 5. HP: 42/42 MP: 5/5
  1994 | D:3      | Noticed Terence
  2006 | D:3      | Killed Terence
  2007 | D:3      | Reached skill level 6 in Dodging
  2007 | D:3      | Reached XP level 6. HP: 21/48 MP: 6/6
  2998 | D:3      | Killed Crazy Yiuf
  3181 | D:4      | Reached XP level 7. HP: 32/55 MP: 7/7
  3540 | D:4      | Reached skill level 5 in Fighting
  3719 | D:4      | Reached skill level 7 in Dodging
  4114 | D:4      | Reached ** piety under Ashenzari
  4346 | D:5      | Entered Level 5 of the Dungeon
  4346 | D:5      | Noticed Menkaure
  4423 | D:5      | Reached skill level 1 in Stealth
  4479 | D:5      | Reached XP level 8. HP: 57/63 MP: 8/8
  4538 | D:5      | Noticed Edmund
  4540 | D:5      | Found a sand-covered staircase.
  4550 | D:5      | Killed Edmund
  4557 | Ossuary  | Entered an ossuary
  4869 | Ossuary  | Reached skill level 8 in Dodging
  4880 | Ossuary  | Reached skill level 10 in Polearms
  5202 | D:5      | Killed Menkaure
  5520 | D:5      | Noticed Eustachio
  5538 | D:5      | Killed Eustachio
  5539 | D:5      | Reached XP level 9. HP: 65/71 MP: 9/9
  5630 | D:5      | Found a bloodstained altar of Trog.
  5658 | D:5      | Identified the +6 quarterstaff "acdeimund's Regret"
                  | {vorpal, Int+2 Dex+4}
  5759 | D:5      | Found a shimmering altar of Xom.
  5864 | D:6      | Found a staircase to the Ecumenical Temple.
  5913 | Temple   | Entered the Ecumenical Temple
  5997 | Temple   | Identified the cursed +0 pair of boots of Supernal
                  | Knowledge {Cun, Fort} (You found it on level 1 of the
                  | Dungeon)
  6966 | D:6      | Reached skill level 9 in Dodging
  7515 | D:7      | Reached skill level 5 in Stealth
  7580 | D:7      | Noticed Pikel
  7603 | D:7      | Killed Pikel
  7749 | D:7      | Reached *** piety under Ashenzari
  7853 | D:7      | Found a shimmering blue altar of Sif Muna.
  7853 | D:7      | Found a snail-covered altar of Cheibriados.
  7854 | D:7      | Found a burning altar of Makhleb.
  8027 | D:7      | Reached XP level 10. HP: 83/83 MP: 10/10
  8376 | D:8      | Reached skill level 1 in Armour
  8435 | D:8      | Reached skill level 10 in Dodging
  8619 | D:8      | Found the +9 staff of Olgreb {rPois∞}
  8623 | D:8      | Found a runed translucent door.
  8628 | D:8      | Found a runed translucent gate.
  8628 | D:8      | Found a runed translucent gate.
  8629 | D:8      | Found a runed translucent door.
  8658 | D:8      | Found a runed translucent gate.
  8729 | D:8      | Identified the +3 leather armour of Reason {rN+}
  9148 | D:9      | Identified the +1 robe of the End {Will+ MP+9}
  9199 | D:9      | Found a flagged portal.
  9214 | Bailey   | Entered a bailey
  9661 | Bailey   | Noticed Grum
  9672 | Bailey   | Killed Grum
 10658 | D:9      | Found a staircase to the Lair.
 10702 | D:9      | Noticed an obsidian statue
 10734 | D:9      | Reached skill level 11 in Dodging
 10752 | D:9      | Identified the Incunabulum of Heat
 10753 | D:9      | Identified the ring "Fyuju" {Contam Fly rF++ MP+9 SInv}
 11019 | D:9      | Reached XP level 11. HP: 66/92 MP: 11/11
 12303 | D:10     | Entered Level 10 of the Dungeon
 12435 | D:10     | Found a glowing silver altar of Zin.
 12436 | D:10     | Found a basalt altar of Yredelemnul.
 12439 | D:10     | Found a broken altar of Ashenzari.
 12439 | D:10     | Found an iron altar of Okawaru.
 12682 | D:10     | Reached **** piety under Ashenzari
 13380 | D:10     | Found a staircase to the Orcish Mines.
 13752 | D:10     | Identified the +0 quarterstaff of Doom {freeze, rN+}
 13781 | D:10     | Noticed Urug
 13807 | D:10     | Killed Urug
 13808 | D:10     | Reached skill level 12 in Dodging
 14022 | Lair:1   | Entered Level 1 of the Lair of Beasts
 14156 | Lair:1   | Reached skill level 10 in Fighting
 14573 | Lair:1   | Noticed a six-headed hydra
 14670 | Lair:1   | Killed a six-headed hydra
 15028 | Lair:1   | Reached XP level 12. HP: 103/103 MP: 12/12
 15616 | Lair:1   | Noticed a six-headed hydra
 15656 | Lair:1   | Killed a six-headed hydra
 15657 | Lair:1   | Reached skill level 5 in Armour
 15666 | Lair:1   | Reached skill level 10 in Stealth
 16361 | Lair:2   | Reached skill level 13 in Dodging
 16732 | Lair:2   | Found a runed translucent gate.
 16732 | Lair:2   | Found a runed translucent gate.
 16732 | Lair:2   | Found a runed translucent gate.
 16736 | Lair:2   | Noticed 0gre's ghost (journeyman GnIE)
 16736 | Lair:2   | Noticed Qoesoec's ghost (journeyman GrFi)
 16764 | Lair:2   | Found a staircase to the Shoals.
 16782 | Lair:2   | Reached skill level 5 in Throwing
 18309 | Lair:2   | Reached XP level 13. HP: 101/111 MP: 13/13
 18358 | Lair:2   | Identified the Compendium of Evil and the Blaze
 18432 | Lair:2   | Reached skill level 14 in Dodging
 20480 | Lair:4   | Reached ***** piety under Ashenzari
 21193 | Lair:4   | Found a hole to the Spider Nest.
 21962 | Lair:5   | Reached skill level 15 in Dodging
 22405 | Lair:5   | Reached XP level 14. HP: 106/124 MP: 14/14
 23707 | Orc:1    | Entered Level 1 of the Orcish Mines
 24219 | Orc:1    | Paralysed by an orc sorcerer for 3 turns
 24361 | Orc:1    | Paralysed by an orc sorcerer for 7 turns
 24368 | Orc:1    | HP: 6/125 [troll[an orc high priest] (5)]
 24368 | Orc:1    | Mangled by a chaos spawn

Illustrated notes

Levels and vault maps discovered:
D:1:      dpeg_arrival_solitude, layout_basic,
          shapermc_ecumenical_altar_notcrosses, due_unseen_surprise
D:2:      layout_loops_ring, grunt_ministairs_10
D:3:      kb_forest_paths, layout_basic, uniq_sigmund, uniq_crazy_yiuf_cottage,
          uniq_terence
D:4:      layout_rooms
D:5:      layout_rooms, mainiacjoe_overflow_two_lobes, enter_ossuary_4,
          minmay_misc_feat_hallway, uniq_edmund, uniq_eustachio, uniq_menkaure
D:6:      layout_layer_cave, minmay_temple_entry_overgrown
D:7:      layout_loops_ring, gammafunk_temple_overflow_claw,
          amcnicky_mini_corridor_feature, uniq_pikel
D:8:      layout_basic, minmay_guarded_unrand_staff_of_olgreb
D:9:      layout_basic, lair_entry_dummy, enter_bailey_3,
          minmay_protected_statue
D:10:     layout_irregular_city, grunt_temple_overflow_open, orc_0_dummy,
          uniq_urug
Temple:   oiseaux_autumnal_temple
Lair:1:   lemuel_ratsnest, layout_long_grid, gauntlet_entry_generic,
          beast_lair_carwin_9, grunt_megastairs_2
Lair:2:   regret_index_combs_of_tragedy, layout_regular_city,
          minmay_shoals_entry_beasts, gammafunk_ghost_cemetery, st_stairs_8,
          nicolae_lair_liquid_snakes
Lair:3:   layout_cave_pods
Lair:4:   layout_cave_shapes, spider_nest_entry_funnel_web
Lair:5:   layout_gridlike, grunt_megastairs_5
Orc:1:    layout_caves

Skill      XL: |  1  2  3  4  5  6  7  8  9 10 11 12 13 14 |
---------------+-------------------------------------------+-----
Polearms       | 6 7 9 10 12 | 12.7
Fighting       | 4 5 6 7 9 10 11 12 | 12.8
Dodging        | 5 6 7 8 9 11 12 13 15 | 15.4
Stealth        | 1 3 5 7 9 11 12 | 12.8
Armour         | 3 4 5 7 |  7.3
Throwing       | 4 6 7 8 |  8.3

Action                   |  1- 3 |  4- 6 |  7- 9 | 10-12 | 13-15 || total
-------------------------+-------+-------+-------+-------+-------++-------
Melee: Trident           |   128 |    86 |   459 |  1051 |   630 ||  2354
       Punch             |     1 |     1 |     3 |    21 |     6 ||    32
Throw: Throwing net      |       |       |     1 |       |       ||     1
       Boomerang         |       |       |       |     1 |       ||     1
Invok: Curse Item        |     2 |       |     3 |     1 |     3 ||     9
Evoke: Wand              |       |       |       |     5 |       ||     5
  Use: Potion            |     1 |       |       |     7 |       ||     8
       Scroll            |       |       |       |     1 |       ||     1
 Stab: Sleeping          |     3 |     1 |    16 |    19 |    11 ||    50
       Distracted        |       |       |     2 |     7 |     3 ||    12
       Held in net/web   |       |       |     1 |       |       ||     1
       Invisible         |       |       |       |     1 |       ||     1
Armor: Leather armour    |    36 |    19 |    79 |       |       ||   134
       Ring mail         |       |       |     7 |   125 |   137 ||   269
Dodge: Dodged            |    96 |    31 |   202 |   544 |   467 ||  1340
